 Dungeon Sprint DCSS version 0.17-a0-1-g1f4be75 (webtiles) character file.

1200000 Medar the Acrobat (level 12, -31/79 HPs)
             Began as a Spriggan Monk on Mar 13, 2015.
             Was a Believer of Makhleb.
             Annihilated by a meat berserker
             ... wielding a +9 battleaxe
              (32 damage)
             ... in the Dungeon (Sprint VIII: "Arena of Blood").
             The game lasted 00:00:31 (12 turns).

Medar the Acrobat (Spriggan Monk)                     Turns: 12, Time: 00:00:31

Health: -31/79     AC:  3    Str:  7    XL:     12   Next: 50%
Magic:  21/21      EV: 44    Int: 11    God:    Makhleb [**....]
Gold:   0          SH:  0    Dex: 24    Spells: 0 memorised, 11 levels left

rFire  . . .     SeeInvis +     i - +∞ Axe of Woe
rCold  . . .     Clarity  .     a - +0 robe
rNeg   . . .     SustAb   .     (shield restricted)
rPois  .         Gourm    .     (helmet restricted)
rElec  .         Spirit   .     (no cloak)
rCorr  .         Warding  .     (gloves unavailable)
rMut   .         NoTele   +     (boots unavailable)
MR     ++...                    (no amulet)
Stlth  +++.......               (no ring)
                                (no ring)

@: very quick, very resistant to hostile enchantments, fairly stealthy
A: unfitting armour, see invisible, herbivore 3, speed 3, slow metabolism 2
a: Minor Destruction, Renounce Religion


You were in the Dungeon.
You worshipped Makhleb.
Makhleb was pleased with you.
You were not hungry.

You visited 1 branch

Inventory:

Hand weapons
 i - the +∞ Axe of Woe (weapon)
   (You found it in the Dungeon)
Armour
 a - a +0 robe (worn)
Scrolls
 h - a scroll of blinking
Potions
 c - a potion of curing {@q1}
 d - a potion of heal wounds
 e - a potion of haste
 f - 2 potions of magic
 g - a potion of berserk rage {!q}
Comestibles
 b - a bread ration


   Skills:
 * Level 16.9 Fighting
 + Level 11.5 Armour
 * Level 25.8 Dodging
 - Level 3.0 Stealth
 - Level 3.2 Unarmed Combat


You had 11 spell levels left.
You didn't know any spells.

Dungeon Overview and Level Annotations

Branches:
Dungeon (1/1)

Altars:
Makhleb


Innate Abilities, Weirdness & Mutations

You are tiny and cannot use many weapons and most armour.
You have supernaturally acute eyesight.
You are a herbivore.
You cover ground extremely quickly.
You need consume almost no food.


Message History

You hear a shout! x11
The bag of meat hits you with a +9 war axe!!
* * * LOW HITPOINT WARNING * * *
You hear a shout! 2 orcs come into view.
Unknown command.
The bag of meat shouts! x2
You slash the bag of meat!
You slaughter the bag of meat joyfully.
You kill the bag of meat!
Makhleb accepts your kill.
Your Fighting skill gained 2 levels and is now at level 16!
Your Armour skill increases to level 11!
Your Dodging skill gained 3 levels and is now at level 25!
You have reached level 12!
Your experience leads to an increase in your attributes!
Increase (S)trength, (I)ntelligence, or (D)exterity?
You feel agile.
You hear a shout! x9
The meat berserker hits you with a +9 battleaxe!!
You die...

#.. ...# .###..
...###.
.......###.......
........_.........
.....#.....#.......
. #_.<._#.......
...#.....#......#
......._...........
......###.@O......#
.###......)###.....
#.......# ...
#.......# .......o.
......... .....oo.
.....o# .o#


You could see a meat berserker (berserk) and 5 bags of meat.

Vanquished Creatures
  2 orcs (D)
2 creatures vanquished.

Notes
Turn   | Place    | Note
--------------------------------------------------------------
     0 | D        | Medar, the Spriggan Monk, began the quest for the Orb.
     0 | D        | Reached XP level 1. HP: 11/11 MP: 2/2
     3 | D        | Noticed a bag of meat
     4 | D        | Became a worshipper of Makhleb the Destroyer
     4 | D        | Acquired Makhleb's first power
     4 | D        | Acquired Makhleb's second power
     6 | D        | Noticed a bag of meat
     6 | D        | Noticed a bag of meat
     8 | D        | Noticed a bag of meat
     9 | D        | Noticed a meat berserker
    11 | D        | Noticed a bag of meat
    11 | D        | Killed a bag of meat
    11 | D        | Reached skill level 14 in Fighting
    11 | D        | Reached skill level 10 in Armour
    11 | D        | Reached skill level 22 in Dodging
    11 | D        | Reached XP level 2. HP: 13/30 MP: 4/4
    11 | D        | Reached XP level 3. HP: 14/34 MP: 6/6
    11 | D        | Reached XP level 4. HP: 16/39 MP: 8/8
    11 | D        | Reached XP level 5. HP: 17/43 MP: 10/10
    11 | D        | Reached XP level 6. HP: 18/48 MP: 12/12
    11 | D        | Reached XP level 7. HP: 19/52 MP: 14/14
    11 | D        | Reached XP level 8. HP: 20/57 MP: 16/16
    11 | D        | Reached XP level 9. HP: 21/61 MP: 18/18
    11 | D        | Reached XP level 10. HP: 22/66 MP: 19/19
    11 | D        | Reached XP level 11. HP: 23/70 MP: 20/20
    11 | D        | HP: 1/70 [bag of meat/+9 war axe (22)]
    12 | D        | Noticed a bag of meat
    12 | D        | Noticed a bag of meat
    12 | D        | Killed a bag of meat
    12 | D        | Reached skill level 25 in Dodging
    12 | D        | Reached XP level 12. HP: 1/79 MP: 21/21
    12 | D        | Annihilated by a meat berserker

Action                   |  1- 3 |  4- 6 |  7- 9 | 10-12 || total
-------------------------+-------+-------+-------+-------++-------
Melee: Broad axe         |     1 |       |       |     1 ||     2
